AoeStats
← lethe711

African Clearing

510464316Analyzed
4v4 RM · 1d ago on Oct 1, 2026· 62m 32s· 8 players
Game mode
Random Map
Map size
Large (8 player)
Population
200
Speed
Normal
Resources
Standard
Victory
Conquest
Starting age
Dark Age
Ending age
Imperial Age
RankedLock teamsTeams togetherTeam positionsShared explorationLock speedFull tech treeHidden civsTurbo modeCheats
Victory
Defeat
🇺🇸 Mapuche · United States
1265
+15
🇺🇸 Varangians · United States
1259
+15
🇺🇸 Danes · United States
1246
+16
🇦🇺 Mongols · Australia
1242
+15
🇻🇳 Magyars · Vietnam
1266
-16
🇨🇳 Persians · China
1260
-16
🇲🇳 Mongols · Mongolia
1239
-15
🇮🇳 Varangians · India
1206
-14
YUZ
6:15 Loom
13:24 Feudal Age
18:02 Castle Age
17:47 Bloodlines
TIMUR
4:44 Loom
12:04 Feudal Age
17:44 Castle Age
15:44 Double-Bit Axe
16:24 Horse Collar
18:47 Bow Saw
18:59 Heavy Plow
21:54 Wheelbarrow
27:40 Scale Barding Armor
28:06 Town Watch
31:26 Chain Barding Armor
31:48 Hand Cart
32:50 Husbandry
33:02 Bloodlines
34:08 Forging
34:11 Fletching
34:57 Gold Mining
35:34 Bodkin Arrow
37:11 Iron Casting
36:51 Padded Archer Armor
37:37 Ballistics
37:33 Stone Mining
38:19 Gold Shaft Mining
38:55 Leather Archer Armor
43:13 Imperial Age
40:54 Thumb Ring
42:21 Stone Shaft Mining
44:04 Bracer
43:34 Elite Mangudai
45:22 Chemistry
44:51 Parthian Tactics
44:04 Heavy Camel Rider
46:14 Blast Furnace
45:40 Conscription
47:04 Light Cavalry
48:10 Drill
48:14 Siege Engineers
50:23 Town Patrol
52:05 Onager
53:06 Hussar
56:43 Hoardings
56:20 Masonry
59:14 Murder Holes
anhdeptraibd
3:11 Loom
14:52 Feudal Age
17:22 Fletching
17:33 Padded Archer Armor
suny619
3:28 Loom
15:17 Feudal Age
16:06 Double-Bit Axe
16:55 Scale Barding Armor
17:00 Forging
17:08 Bloodlines
19:26 Castle Age
18:19 Horse Collar
19:35 Light Cavalry
21:14 Husbandry
21:25 Town Watch
24:06 Wheelbarrow
25:52 Heavy Plow
30:19 Chain Barding Armor
29:57 Gold Mining
31:07 Iron Casting
33:31 Hand Cart
38:13 Imperial Age
36:30 Bow Saw
39:47 Fletching
40:33 Plate Barding Armor
40:59 Blast Furnace
40:43 Cavalier
44:25 Conscription
45:08 Bodkin Arrow
44:57 Elite Jarl
46:02 Conscription
49:04 Siege Engineers
49:10 Masonry
49:21 Ballistics
50:02 Chemistry
48:58 Murder Holes
53:59 Architecture
54:39 Bracer
56:56 Heavy Mounted Crossbowman
56:57 Cranequins
yogieberere
7:50 Loom
13:03 Feudal Age
13:47 Double-Bit Axe
15:41 Fletching
26:53 Castle Age
37:37 Forging
41:09 Wheelbarrow
42:01 Bow Saw
41:32 Horse Collar
43:29 Hand Cart
43:18 Heavy Plow
43:09 Gold Mining
43:11 Stone Mining
46:51 Imperial Age
44:53 Town Watch
45:19 Padded Archer Armor
45:39 Town Patrol
45:39 Bodkin Arrow
46:31 Gold Shaft Mining
47:46 Stone Shaft Mining
47:50 Leather Archer Armor
48:37 Chemistry
48:47 Crop Rotation
47:43 Elite Bolas Rider
48:38 Malon
49:03 Butalmapu
49:21 Elite Skirmisher
51:01 Ring Archer Armor
55:41 Conscription
57:31 Ballistics
57:21 Masonry
57:17 Siege Engineers
57:41 Treadmill Crane
57:56 Murder Holes
59:05 Elite Kona
60:34 Caravan
61:37 Iron Casting
62:42 Hoardings
61:54 Sappers
chivalren
12:06 Feudal Age
11:55 Loom
14:22 Town Watch
15:05 Bloodlines
20:24 Castle Age
25:29 Gold Mining
25:28 Horse Collar
25:37 Double-Bit Axe
29:25 Scale Barding Armor
34:45 Forging
35:42 Chain Barding Armor
38:15 Iron Casting
39:32 Husbandry
44:46 Stone Mining
45:34 Wheelbarrow
52:39 Imperial Age
53:19 Hand Cart
55:14 Plate Barding Armor
54:59 Cavalier
62:28 Blast Furnace
AquilaMaximus
12:55 Feudal Age
13:01 Man-at-Arms
14:58 Double-Bit Axe
15:13 Loom
15:50 Arson
17:46 Fletching
24:10 Castle Age
22:19 Scale Mail Armor
22:14 Horse Collar
23:30 Forging
25:22 Squires
28:38 Iron Casting
29:14 Heavy Plow
29:51 Chain Mail Armor
29:24 Gambesons
32:48 Wheelbarrow
35:04 Hand Cart
37:27 Gold Mining
37:49 Bow Saw
37:31 Hamask
42:34 Stone Mining
43:23 Gold Shaft Mining
47:00 Imperial Age
45:27 Stone Shaft Mining
47:05 Elite Jomsviking
48:08 Conscription
48:24 Plate Mail Armor
48:56 Blast Furnace
48:06 Bodkin Arrow
49:46 Ballistics
51:16 Hoardings
53:07 Pikeman
55:37 Northmen's Fury
56:24 Siege Engineers
58:44 Bracer
58:44 Padded Archer Armor
59:02 Heavy Mounted Crossbowman
59:02 Cranequins
59:48 Thumb Ring
60:48 Chemistry
60:52 Leather Archer Armor
60:51 Bloodlines
60:41 Husbandry
62:30 Ring Archer Armor
lethe711
4:05 Loom
12:00 Feudal Age
12:39 Double-Bit Axe
13:20 Horse Collar
16:23 Bloodlines
20:56 Castle Age
20:24 Stone Mining
20:26 Gold Mining
21:41 Pikeman
22:55 Bow Saw
24:40 Light Cavalry
25:45 Fervor
28:54 Fletching
29:05 Padded Archer Armor
29:57 Husbandry
30:46 Wheelbarrow
30:53 Gold Shaft Mining
31:12 Ballistics
31:07 Bodkin Arrow
32:26 Squires
33:39 Leather Archer Armor
35:08 Thumb Ring
39:34 Imperial Age
37:20 Hand Cart
38:54 Nomads
38:56 Scale Mail Armor
39:06 Forging
40:26 Chain Mail Armor
39:50 Elite Mangudai
40:16 Capped Ram
41:38 Parthian Tactics
42:15 Conscription
42:47 Stone Shaft Mining
43:25 Bracer
45:29 Plate Mail Armor
46:05 Siege Ram
48:03 Town Watch
49:09 Iron Casting
49:56 Onager
50:57 Drill
52:06 Hussar
53:47 Blast Furnace
52:53 Scale Barding Armor
53:08 Heavy Plow
53:12 Town Patrol
54:47 Siege Onager
Connection lost

Rejoining the realm…

Still unreachable

The connection could not be restored.

Session expired

The server has moved on; the page needs a fresh start.